 Dungeon Crawl Stone Soup version 0.31.0-32-g396128a36d (webtiles) character file.

Game seed: 10065385985672904678

3801 PaiMei the Merchant of Misery (level 9, -2/72 HPs)
             Began as a Demonspawn Necromancer on Mar 28, 2024.
             Was a Believer of Kikubaaqudgha.
             Slain by a two-headed ogre
             ... wielding a +0 giant club
              (3 damage)
             ... on level 9 of the Dungeon.
             The game lasted 00:12:53 (11512 turns).

PaiMei the Merchant of Misery (DsNe)               Turns: 11512, Time: 00:12:53

Health: -2/72      AC: 14    Str:  9    XL:     9   Next: 96%
Magic:  6/19       EV: 11    Int: 25    God:    Kikubaaqudgha [**....]
Gold:   465        SH:  4    Dex: 14    Spells: 6/21 levels left

rFire   . . .        O - +2 long sword (elec)
rCold   . . .        r - +0 buckler
rNeg    . . .        a - +3 ring mail
rPois   .            (helmet restricted)
rElec   .            B - +0 cloak
rCorr   .            i - +2 pair of gloves
SInv    .            (no boots)
Will    .....        (no amulet)
Stlth   +            s - +6 ring of intelligence
HPRegen 0.32/turn    v - ring of wizardry
MPRegen 0.16/turn

%: wizardry (x1)
@: no status effects
A: antennae 1, foul stench 2, sharp scales 2
a: Renounce Religion, Unearth Wretches


You were on level 9 of the Dungeon.
You worshipped Kikubaaqudgha.
Kikubaaqudgha was pleased with you.
You visited 2 branches of the dungeon, and saw 10 of its levels.

You collected 465 gold pieces.

Inventory:

Hand Weapons
 j - a +2 dagger of electrocution
 w - a +0 whip of pain
 K - a +1 hand axe of draining
 O - a +2 long sword of electrocution (weapon)
Missiles
 d - 2 throwing nets (quivered)
 A - a curare-tipped dart
 M - 4 poisoned darts
Armour
 a - a +3 ring mail (worn)
 i - a +2 pair of gloves (worn)
 k - a +1 scale mail of cold resistance
 r - a +0 buckler (worn)
 B - a +0 cloak (worn)
 F - a +1 robe of fire resistance
Jewellery
 s - a +6 ring of intelligence (left hand)
 v - a ring of wizardry (right hand)
 x - a ring of willpower
 C - a ring of fire
 P - a ring of willpower
Wands
 c - a wand of flame (8)
 H - a wand of paralysis (10)
 J - a wand of digging (4)
 N - a wand of light (6)
Scrolls
 l - a scroll of silence {unknown}
 n - 3 scrolls of brand weapon
 o - 2 scrolls of teleportation {unknown}
 y - a scroll of torment {unknown}
 z - a scroll of vulnerability {unknown}
 G - 2 scrolls of blinking {unknown}
Potions
 b - a potion of magic
 e - 4 potions of curing
 g - 4 potions of lignification
 h - 4 potions of heal wounds {unknown}
 m - a potion of ambrosia {unknown}
 p - 2 potions of degeneration {unknown}
 q - a potion of attraction {unknown}
 t - 3 potions of might
 u - a potion of haste {unknown}
 D - a potion of enlightenment {unknown}
 E - 3 potions of resistance {unknown}
 I - a potion of cancellation {unknown}


   Skills:
 + Level 7.0 Fighting
 + Level 6.8 Dodging
 - Level 2.0 Stealth
 + Level 6.9 Spellcasting
 + Level 9.0 Necromancy


You had 6 spell levels left.
You knew the following spells:

 Your Spells              Type           Power      Damage    Failure   Level
a - Necrotise             Necr           100%       1d9       1%          1
b - Vampiric Draining     Necr           52%        2d9       1%          3
c - Animate Dead          Necr           52%        N/A       3%          4
d - Curse of Agony        Necr           52%        N/A       9%          5
e - Sublimation of Blood  Necr           52%        N/A       1%          2

Your spell library contained the following spells:

 Spells                   Type           Power      Damage    Failure   Level
 Kiss of Death            Conj/Necr      100%       2d13      1%          1
 Fugue of the Fallen      Necr           52%        N/A       1%          3
 Cigotuvi's Dreadful Rot  Necr/Alch/Air  46%        N/A       6%          2
 Apportation              Tloc           16%        N/A       12%         1
 Freeze                   Ice            32%        1d5       12%         1
 Slow                     Hex            32%        N/A       12%         1
 Jinxbite                 Hex            16%        N/A       19%         2
 Confusing Touch          Hex            8%         N/A       34%         3
 Dazzling Flash           Conj/Hex       16%        N/A       34%         3
 Frozen Ramparts          Ice            16%        1d3       34%         3
 Hailstorm                Conj/Ice       8%         3d5       34%         3
 Mephitic Cloud           Conj/Alch/Air  8%         N/A       34%         3
 Sigil of Binding         Hex            8%         N/A       34%         3
 Alistair's Intoxication  Alch           5%         N/A       96%         5
 Silence                  Hex/Air        4%         N/A       96%         5


Dungeon Overview and Level Annotations

Branches:
Dungeon (9/15)             Temple (1/1) D:4
   Lair: D:8-11         Orc: D:9-12

Altars:
Cheibriados
Dithmenos
Fedhas
Gozag
Hepliaklqana
Kikubaaqudgha
Makhleb
Nemelex Xobeh
Okawaru
Qazlal
Ru
Sif Muna
Trog
Uskayaw
Vehumet
Wu Jian
Xom
Yredelemnul

Annotations:
D:2 1 runed translucent door, Crazy Yiuf
D:8 Gastronok


Innate Abilities, Weirdness & Mutations

You have a pair of small antennae on your head.
You sometimes emit foul miasma when damaged in melee.
You are mostly covered in razor-sharp scales. (AC +2, Slay +2)


Message History

You draw life force from the two-headed ogre!
You feel life coursing into your body!
You barely miss the two-headed ogre.
The two-headed ogre is moderately wounded.
The two-headed ogre closely misses you.
The two-headed ogre hits you with a +0 giant club!
Casting: Vampiric Draining (safe; 1% risk of failure)
Confirm with . or Enter, or press ? or * to list all spells.
Aiming: Vampiric Draining (safe; 1% risk of failure)
Press: ? - help, Shift-Dir - straight line, f/p - two-headed ogre
Aim: a two-headed ogre, wielding two +0 giant clubs (moderately wounded, cursed with the promise of agony)
You draw life force from the two-headed ogre!
You feel life coursing into your body.
The two-headed ogre is freed from its curse.
You block the two-headed ogre's attack.
The two-headed ogre hits you with a +0 giant club!!
You hit the two-headed ogre.
The two-headed ogre is heavily wounded.
You block the two-headed ogre's attack.
The two-headed ogre hits you with a +0 giant club!
* * * LOW HITPOINT WARNING * * *
Casting: Vampiric Draining (safe; 1% risk of failure)
Confirm with . or Enter, or press ? or * to list all spells.
Aiming: Vampiric Draining (safe; 1% risk of failure)
Press: ? - help, Shift-Dir - straight line, f/p - two-headed ogre
Aim: a two-headed ogre, wielding two +0 giant clubs (heavily wounded)
You draw life force from the two-headed ogre.
You feel life coursing into your body.
The two-headed ogre hits you with a +0 giant club!
* * * LOW HITPOINT WARNING * * *
You emit a cloud of foul miasma!
The two-headed ogre closely misses you.
You hit the two-headed ogre but do no damage.
The two-headed ogre is heavily wounded.
The two-headed ogre is engulfed in dark miasma.
The two-headed ogre is poisoned.
The two-headed ogre hits you with a +0 giant club!
* * * LOW HITPOINT WARNING * * *
The two-headed ogre hits you with a +0 giant club.
You die...
Kikubaaqudgha rasps: "You have failed me!
Welcome... death!"

#.# #.# #.#
#.# .###
#.# .... .#
#g# .... ..
#O# ...
###### #.
#@#..#
###.....
####.##.#.#
#.......
...?...>..#
#.#.....
#######.###
#.#.....
#.#
#.#.####
#.# #.#.#
#.# #.#.#
#.# #.#.#
#.# #.#.#


You could see a two-headed ogre (poisoned) and a gnoll.

Vanquished Creatures
  A komodo dragon (D:5)
  Prince Ribbit (D:8)
  Eustachio (D:5)
  4 yaks (D:9)
  A water moccasin (D:8)
  2 ice beasts
  3 sky beasts
  2 black bears
  3 ogres
  A centaur (D:8)
  2 phantoms
  A kobold brigand (D:5)
  3 scorpions
  4 wights (D:8)
  A howler monkey (D:6)
  3 jellies
  An orc priest (D:5)
  4 hounds
  A sleepcap (D:6)
  Jessica (D:2)
  A gnoll bouda (D:4)
  4 iguanas
  Ijyb (D:5)
  5 orc wizards
  Natasha (twice) (D:2)
  11 adders
  6 gnolls (D:4)
  2 shadow imps (D:7)
  A white imp (D:7)
  2 ufetubi (D:6)
  2 dart slugs
  2 ribbon worms
  21 orcs
  3 ball pythons
  5 bats
  2 endoplasms
  4 giant cockroaches
  6 goblins
  6 hobgoblins
  2 jackals (D:3)
  5 kobolds
  A quokka (D:2)
  4 frilled lizards
  3 rats
141 creatures vanquished.

Vanquished Creatures (collateral kills)
  A gnoll (D:4)
1 creature vanquished.

Grand Total: 142 creatures vanquished

Notes
Turn   | Place    | Note
-------+----------+-------------------------------------------
     0 | D:1      | PaiMei the Demonspawn Necromancer began the quest for the
                  | Orb.
     0 | D:1      | Reached XP level 1. HP: 13/13 MP: 3/3
   300 | D:1      | Found a faded altar of an unknown god.
   308 | D:1      | Got Plato's Quarto of Sciomancy
   361 | D:1      | Gained mutation: You have a pair of small antennae on your
                  | head. [demonic ancestry]
   361 | D:1      | Reached XP level 2. HP: 19/19 MP: 0/5
  1054 | D:2      | Noticed Jessica
  1059 | D:2      | Killed Jessica
  1060 | D:2      | Reached skill level 1 in Fighting
  1060 | D:2      | Gained mutation: You are partially covered in razor-sharp
                  | scales. (AC +1, Slay +1) [demonic ancestry]
  1060 | D:2      | Reached XP level 3. HP: 21/26 MP: 0/6
  1207 | D:2      | Learned a level 3 spell: Vampiric Draining
  1579 | D:2      | Noticed Natasha
  1582 | D:2      | Killed Natasha
  1583 | D:2      | Reached skill level 5 in Necromancy
  1583 | D:2      | Reached XP level 4. HP: 32/32 MP: 3/8
  1634 | D:2      | Found a runed translucent door.
  1635 | D:2      | Noticed Crazy Yiuf
  1988 | D:2      | Noticed Natasha
  1992 | D:2      | Killed Natasha
  2302 | D:3      | Found an iron altar of Okawaru.
  2620 | D:3      | Found a stormy altar of Qazlal.
  2620 | D:3      | Noticed a sky beast
  2631 | D:3      | Killed a sky beast
  2632 | D:3      | Gained mutation: You may rarely emit foul miasma when
                  | damaged in melee. [demonic ancestry]
  2632 | D:3      | Reached XP level 5. HP: 12/38 MP: 0/9
  3326 | D:4      | Reached XP level 6. HP: 43/46 MP: 8/11
  3370 | D:4      | Found a staircase to the Ecumenical Temple.
  3388 | Temple   | Entered the Ecumenical Temple
  3394 | Temple   | Became a worshipper of Kikubaaqudgha
  4683 | D:4      | Reached skill level 6 in Necromancy
  4683 | D:4      | Gained mutation: You are mostly covered in razor-sharp
                  | scales. (AC +2, Slay +2) [demonic ancestry]
  4683 | D:4      | Reached XP level 7. HP: 52/52 MP: 3/12
  4968 | D:5      | Entered Level 5 of the Dungeon
  5067 | D:5      | Noticed a komodo dragon
  5180 | D:5      | Found a radiant altar of Vehumet.
  5366 | D:5      | Noticed Ijyb
  5372 | D:5      | Killed Ijyb
  5860 | D:5      | Noticed Eustachio
  5916 | D:5      | Killed Eustachio
  5916 | D:5      | Reached * piety under Kikubaaqudgha
  5916 | D:5      | Received a gift from Kikubaaqudgha
  6175 | D:5      | Reached XP level 8. HP: 61/61 MP: 4/15
  6603 | D:5      | Killed a komodo dragon
  6604 | D:5      | Reached skill level 5 in Dodging
  6604 | D:5      | Reached skill level 5 in Spellcasting
  6604 | D:5      | Reached skill level 7 in Necromancy
  6841 | D:6      | Reached skill level 5 in Fighting
  7430 | D:6      | Gained mutation: You sometimes emit foul miasma when
                  | damaged in melee. [demonic ancestry]
  7430 | D:6      | Reached XP level 9. HP: 68/68 MP: 10/17
  8153 | D:7      | Learned a level 4 spell: Animate Dead
  8159 | D:7      | Learned a level 5 spell: Curse of Agony
  8162 | D:7      | Learned a level 2 spell: Sublimation of Blood
  8367 | D:7      | Reached skill level 8 in Necromancy
  9514 | D:8      | Reached ** piety under Kikubaaqudgha
  9577 | D:8      | Noticed Gastronok
 10313 | D:8      | Found a shimmering blue altar of Sif Muna.
 10849 | D:8      | Noticed Prince Ribbit
 10855 | D:8      | Killed Prince Ribbit
 11103 | D:9      | Reached skill level 9 in Necromancy
 11500 | D:9      | Noticed a two-headed ogre
 11512 | D:9      | HP: 1/72 [two-headed ogre/+0 giant club (11)]
 11512 | D:9      | Slain by a two-headed ogre

Illustrated notes

Levels and vault maps discovered:
D:1:      lightli_arrival_lavapool, layout_loops_ring,
          shapermc_ecumenical_altar_rom_forum, nrook_mini_vaults,
          corexii_hall_statues_deadend
D:2:      layout_basic, uniq_crazy_yiuf_cottage, uniq_natasha, uniq_jessica
D:3:      layout_basic, nicolae_qazlal_beasts_of_the_sky, okawaru_trees_2
D:4:      layout_basic, minmay_temple_entry_trees, minmay_misc_feat_four_crosses
D:5:      layout_basic, nicolae_overflow_crystal_walls, kennysheep_flooded_box,
          amethyst_killhole, minmay_small_thing, uniq_eustachio, uniq_ijyb
D:6:      layout_rooms, st_stairs_14
D:7:      layout_layer_cave
D:8:      layout_basic, led_sif_pool, serial_glass, glass_columns_a,
          glass_columns_b, uniq_prince_ribbit1, uniq_gastronok
D:9:      layout_basic, chequers_serial_rivers_small_3, uniq_erica
Temple:   nicolae_temple_x_marks_the_god

Skill      XL: |  1  2  3  4  5  6  7  8  9 |
---------------+----------------------------+-----
Dodging        | 2 3 4 5 6 |  6.8
Stealth        | 2 |  2.0
Fighting       | 1 2 3 4 5 7 |  7.0
Necromancy     | 5 6 7 9 |  9.0
Spellcasting   | 3 4 5 6 |  6.9

Action                     |  1- 3 |  4- 6 |  7- 9 || total
---------------------------+-------+-------+-------++-------
  Melee: Club              |     6 |       |       ||     6
         Punch             |     1 |       |       ||     1
         Dagger            |     1 |    21 |   163 ||   185
         Hand axe          |       |       |    29 ||    29
         Long sword        |       |       |     6 ||     6
   Cast: Necrotise         |    41 |    88 |    75 ||   204
         Vampiric Draining |       |     7 |    80 ||    87
         Curse of Agony    |       |       |     1 ||     1
    Use: Scroll            |       |       |     6 ||     6
 Armour: Robe              |     8 |    23 |   100 ||   131
         Ring mail         |       |       |    91 ||    91
  Dodge: Dodged            |    15 |    30 |   153 ||   198
  Block: Buckler           |       |     1 |    53 ||    54
